Map: King Sejong Station LE

Players

Ascarecrow - Winner!

  • Race: Zerg Zerg
  • League: Master

Swanson

  • Race: Terran Terran
  • League: Master

VOD

Have the link to the VOD?

Description

Time

  • Played on: Nov. 1, 2016, 4:52 a.m.
  • Length: 15:42
Show
View Real Time Build Order
Export as new Build Order

Ascarecrow Zerg - Winner!

Build Orders: Hatch First 

Get SALT Encoding   

  12  0:01  Drone  
  13  0:12  Overlord  
  13  0:17  Drone  
  14  0:31  Drone x2  
  14  0:35  Drone  
  17  0:54  Hatchery, Unknown  
  17  0:55  Drone  
  17  0:58  Drone  
  18  1:06  Extractor  
  17  1:14  Spawning Pool  
  17  1:16  Drone  
  17  1:20  Drone  
  18  1:28  Drone  
  19  1:46  Overlord  
  19  2:01  Zergling x4  
  21  2:04  Queen  
  21  2:05  Unknown  
  21  2:06  Queen  
  21  2:07  Zergling x2  
  26  2:15  Metabolic Boost  
  26  2:30  Drone x2  
  26  2:31  Drone x2  
  30  2:43  Queen  
  32  2:45  Overlord  
  32  2:51  Pneumatized Carapace  
  32  2:58  Drone x4  
  36  3:10  Drone x2  
  36  3:11  Drone  
  40  3:20  Drone x5  
  40  3:22  Overlord  
  44  3:44  Drone x4  
  48  3:48  Hatchery, Unknown  
  48  3:52  Drone  
  48  3:53  Drone x4  
  52  4:00  Overlord x2  
  52  4:04  Extractor  
  51  4:12  Roach Warren, Evolution Chamber  
  51  4:14  Evolution Chamber  
  51  4:16  Drone  
  51  4:17  Drone x3  
  52  4:27  Overlord x2  
  52  4:29  Zergling x2  
  52  4:30  Zergling x8  
  57  4:34  Queen  
  59  4:50  Queen  
  61  4:57  Overlord  
  61  5:00  Unknown  
  61  5:03  Roach  
  61  5:04  Roach x9  
  81  5:09  Queen  
  83  5:20  Drone x5  
  88  5:24  Spore Crawler  
  88  5:27  Zerg Missile Weapons Level 1  
  87  5:30  Overlord  
  87  5:31  Drone x4  
  91  5:35  Extractor  
  90  5:47  Zerg Ground Armor Level 1  
  90  5:54  Drone  
  90  5:55  Drone x7  
  98  6:04  Overlord x2  
  98  6:08  Lair  
  98  6:09  Overlord  
  98  6:10  Overlord x3  
  98  6:16  Extractor  
  98  6:18  Extractor  
  96  6:27  Drone  
  96  6:28  Drone x8  
  105  6:36  Overlord x2  
  105  6:46  Overlord  
  105  7:00  Drone x2  
  105  7:01  Drone, Extractor  
  106  7:02  Drone x2  
  106  7:03  Roach  
  106  7:04  Roach x6  
  122  7:09  Hatchery, Unknown  
  121  7:20  Glial Reconstitution  
  121  7:25  Zerg Melee Weapons Level 1  
  121  7:29  Roach  
  135  7:30  Roach x12  
  135  7:32  Infestation Pit  
  135  7:35  Overlord  
  135  7:36  Overlord x2  
  145  7:56  Roach x9  
  156  8:03  Ravager  
  157  8:06  Ravager  
  157  8:07  Zerg Ground Armor Level 2  
  157  8:09  Pathogen Glands  
  157  8:11  Drone  
  157  8:12  Drone x5  
  164  8:19  Overseer  
  164  8:20  Unknown  
  164  8:22  Overlord x2  
  164  8:44  Extractor  
  164  8:45  Extractor  
  161  8:49  Roach x6  
  161  8:50  Roach x10  
  188  8:57  Spore Crawler  
  172  9:24  Roach x12  
  178  9:27  Ravager x3  
  178  9:28  Ravager  
  200  9:32  Spore Crawler  
  199  9:38  Ravager  
  195  10:05  Drone  
  195  10:06  Drone x4  
  194  10:15  Ravager x5  
  195  10:22  Roach  
  195  10:24  Overlord x3  
  195  10:25  Overlord  
  188  10:39  Roach x3  
  188  10:40  Roach  
  179  10:50  Roach x11  
  163  11:10  Roach x3  
  145  11:15  Ravager  
  145  11:16  Ravager  
  145  11:17  Ravager  
  145  11:18  Ravager  
  149  11:20  Ravager  
  128  11:40  Roach x5  
  97  12:13  Drone x6  
  97  12:19  Ravager  
  97  12:20  Ravager x2  
  100  12:27  Hatchery, Unknown  
  96  12:37  Evolution Chamber  
  96  12:38  Hatchery, Unknown  
  96  12:39  Roach  
  96  12:40  Roach x3  
  94  13:08  Roach  
  94  13:09  Roach x8  
  112  13:16  Lair  
  112  13:21  Ravager  
  112  13:22  Ravager x5  
  112  13:24  Roach  
  112  13:25  Roach x3  
  126  13:28  Roach  
  126  13:29  Roach x2  
  126  13:31  Queen  
  134  13:39  Unknown  
  126  13:49  Unknown  
  104  14:06  Roach x13  
  104  14:07  Roach  
  122  14:21  Roach x7  
  130  14:50  Queen  
  132  14:53  Overseer  
  127  15:12  Roach  
  127  15:13  Roach x5  
Show
View Real Time Build Order
Export as new Build Order

Swanson Terran 

Build Orders: Reaper Expand, MMM Bio 

Get SALT Encoding   

  12  0:00  SCV  
  13  0:13  SCV  
  14  0:19  Supply Depot  
  14  0:25  SCV  
  15  0:41  SCV  
  15  0:42  Barracks  
  16  0:45  Refinery  
  16  0:53  SCV  
  17  0:58  Supply Depot  
  17  1:05  SCV  
  18  1:17  SCV  
  19  1:30  Orbital Command  
  19  1:31  Reaper  
  20  1:54  Unknown, Command Center  
  20  1:58  Bunker  
  20  2:01  SCV  
  21  2:12  Factory  
  21  2:16  Marine, SCV  
  22  2:36  Barracks Reactor  
  22  2:39  SCV  
  22  2:43  Refinery  
  24  2:51  SCV  
  24  2:58  Bunker  
  24  2:59  Factory Tech Lab  
  24  3:03  SCV  
  24  3:05  Supply Depot  
  25  3:06  Orbital Command, Unknown  
  25  3:12  Marine x2  
  26  3:15  SCV  
  26  3:18  Siege Tank  
  31  3:27  SCV  
  31  3:30  Marine x2  
  34  3:40  SCV x2  
  36  3:52  SCV  
  36  3:53  SCV  
  38  4:02  Unknown, Command Center  
  38  4:03  Stimpack  
  38  4:04  Starport  
  38  4:06  SCV  
  38  4:08  SCV  
  40  4:18  SCV  
  40  4:20  SCV  
  42  4:30  SCV  
  43  4:32  SCV  
  43  4:36  Barracks  
  43  4:37  Factory Reactor  
  43  4:38  Engineering Bay x2  
  44  4:43  Supply Depot  
  44  4:44  SCV  
  44  4:45  Supply Depot  
  45  4:46  SCV  
  46  4:54  Viking  
  46  4:56  SCV  
  46  4:58  SCV  
  50  5:09  SCV  
  50  5:10  SCV  
  50  5:11  Terran Infantry Armor Level 1, Terran Infantry Weapons Level 1  
  50  5:13  Unknown  
  52  5:14  Widow Mine x2  
  52  5:18  Refinery x2  
  52  5:19  Orbital Command  
  56  5:24  Marine x2, Starport Reactor  
  58  5:29  Barracks  
  58  5:39  SCV x2  
  60  5:45  SCV  
  61  5:51  Hellion, SCV  
  61  5:52  Hellion  
  61  5:54  Barracks  
  66  5:59  Barracks  
  66  6:00  SCV  
  66  6:04  Combat Shields, SCV, Medivac  
  68  6:05  Orbital Command  
  68  6:06  Medivac  
  68  6:08  Marine  
  68  6:10  Marine x2  
  75  6:13  SCV  
  76  6:21  Barracks Reactor  
  76  6:23  SCV  
  76  6:25  Marine, SCV  
  78  6:28  Supply Depot  
  79  6:36  Marine x2, SCV x2  
  79  6:38  Supply Depot x2  
  83  6:42  Liberator  
  83  6:44  Liberator  
  83  6:53  Marine  
  86  6:54  Marine x2  
  86  6:55  Barracks Reactor  
  86  6:56  Barracks  
  86  6:58  Marine x2, Barracks  
  86  7:00  Barracks  
  94  7:09  Bunker, Supply Depot  
  94  7:11  Supply Depot  
  94  7:20  Marauder  
  94  7:21  Marine x4, Barracks Reactor  
  94  7:22  Widow Mine x2  
  100  7:25  Liberator  
  100  7:26  SCV  
  100  7:27  Liberator, SCV  
  106  7:35  Marine x2, Armory  
  108  7:39  Marine x3  
  111  8:02  Marine  
  111  8:03  Marine x6, Barracks Tech Lab  
  111  8:04  Barracks Tech Lab, Barracks Reactor  
  111  8:05  Widow Mine x2  
  120  8:14  Marine  
  120  8:15  Marauder  
  121  8:20  Marine  
  121  8:21  Marine x3  
  121  8:25  Factory  
  121  8:26  Factory  
  125  8:28  Supply Depot  
  125  8:30  Supply Depot  
  125  8:31  Marine  
  125  8:32  Marine x2, Supply Depot  
  125  8:47  Marine x2  
  125  8:49  Marine x2, Medivac x2  
  125  8:50  Marauder  
  125  8:51  Widow Mine x2, Marine x4  
  125  8:53  Marine x4  
  125  8:55  Supply Depot  
  145  8:57  Supply Depot  
  145  9:07  Supply Depot  
  145  9:09  Marauder  
  147  9:12  Factory Reactor, Factory Tech Lab  
  147  9:15  Factory Tech Lab  
  147  9:16  Factory Tech Lab  
  147  9:17  Refinery  
  147  9:19  Medivac x2  
  147  9:21  Supply Depot  
  145  9:24  Refinery  
  145  9:47  Marine x4  
  145  9:48  Marauder, Marine x8  
  145  9:49  Widow Mine x2, Siege Tank x2  
  145  9:50  Medivac  
  145  9:51  Medivac  
  172  10:06  Marauder  
  160  10:21  Marauder  
  144  10:36  Marine x2  
  144  10:37  Marauder, Marine x9  
  144  10:42  Marine  
  151  10:55  Factory Tech Lab  
  144  11:03  SCV  
  144  11:04  Marine x2  
  133  11:05  Marine  
  133  11:06  SCV  
  133  11:07  Marine  
  133  11:08  Marauder, Marine x3  
  133  11:09  Marine  
  133  11:11  Marauder  
  133  11:15  SCV  
  121  11:19  SCV  
  115  11:27  SCV  
  115  11:30  Marauder, Marine x4  
  115  11:31  SCV  
  114  11:39  SCV  
  85  11:42  Marauder, Marine x2  
  55  12:08  Marauder, Marine  
  45  12:09  Marine  
  45  12:10  Marauder  
  45  12:18  Orbital Command  
  45  12:20  Marauder, Marine x5  
  45  12:21  Marine x3  
  55  12:25  Widow Mine x2, Marine, Siege Tank  
  55  12:27  Marine, Medivac x2  
  55  12:28  SCV  
  55  12:29  Marine, SCV  
  71  12:31  Marauder  
  73  12:38  Marine  
  73  12:40  SCV  
  73  12:42  Marauder  
  77  12:51  Orbital Command  
  77  12:54  Widow Mine x2  
  77  12:58  Siege Tank  
  73  13:17  Marine  
  73  13:18  Marauder x2, Marine x10  
  88  13:30  Siege Tank, Medivac x2  
  88  13:34  Widow Mine x2  
  95  13:35  Marine x2  
  95  13:36  Marine  
  95  13:39  Marauder, Marine x2  
  95  13:40  Marauder x2, Marine  
  111  13:41  Marine  
  111  13:42  Marine  
  109  13:54  Marine  
  109  13:55  Marine x4  
  88  13:57  Marine x2  
  88  13:58  Marine  
  88  14:00  Medivac x2  
  88  14:01  Marauder  
  89  14:05  Marauder, Marine  
  86  14:16  Marauder  
  84  14:29  Orbital Command, Marauder  
  84  14:34  Orbital Command  
  78  14:40  Marauder  
  78  14:43  Marine  
  81  14:55  Marine  
  73  15:15  Orbital Command  
Tags
 
Add a new tag
Caveats
  • Supply blocks, unpowered buildings, or Contaminate may cause inaccurate times.
  • Supply counts are checked every 10 seconds.